 Dungeon Crawl Stone Soup version 0.31-a0-175-g9f7f995f2b (webtiles) character file.

Game seed: 16385317301821196143

135 qw the Chopper (level 5, -2/32 HPs)
             Began as a Gargoyle Fighter on June 17, 2023.
             Slain by a gnoll
             ... wielding a +0 spear
              (3 damage)
             ... on level 4 of the Dungeon.
             The game lasted 00:02:37 (2336 turns).

qw the Chopper (Gargoyle Fighter)                   Turns: 2336, Time: 00:02:37

Health: -2/32      AC: 10    Str: 21    XL:     5   Next: 18%
Magic:  5/5        EV:  9    Int:  9    God:
Gold:   232        SH:  5    Dex: 15    Spells: 4/4 levels left

rFire   . . .        Y - +0 war axe
rCold   . . .        c - +0 buckler
rNeg    + . .        b - +0 scale mail
rPois   inf          (no helmet)
rElec   +            (no cloak)
rCorr   .            (no gloves)
SInv    .            (no boots)
Will    .....        h - amulet of faith Stlth
                     g - +6 ring of dexterity
HPRegen 0.25/turn    (no ring)
MPRegen 0.09/turn

%: faith
@: no status effects
A: sickness immunity, AC +4, negative energy resistance 1, electricity
resistance, torment resistance 1, petrification resistance
a: no special abilities


You were on level 4 of the Dungeon.
You visited 1 branch of the dungeon, and saw 4 of its levels.

You collected 258 gold pieces.
You spent 26 gold pieces at shops.


Innate Abilities, Weirdness & Mutations

You are immune to sickness and miasma.
Your stone body is resilient. (AC +4)
You are immune to poison.
You resist negative energy. (rN+)
You are resistant to electric shocks. (rElec)
You are resistant to unholy torment.
You are immune to petrification.


   Skills:
 - Level 3.2 Fighting
 + Level 4.5 Axes
 - Level 3.2 Armour
 - Level 1.0 Dodging
 - Level 3.2 Shields


You had 4 spell levels left.
You didn't know any spells.
Your spell library was empty.

Inventory:

Hand Weapons
 f - a +0 mace
 Y - a +0 war axe (weapon)
Missiles
 k - 4 boomerangs
Armour
 b - a +0 scale mail (worn)
 c - a +0 buckler (worn)
Jewellery
 g - a +6 ring of dexterity (left hand)
 h - an amulet of faith (around neck)
Scrolls
 i - a scroll of identify
Potions
 a - a potion of enlightenment
 d - a potion of might
 j - a potion of lignification
 l - a potion of attraction {unknown}

Dungeon Overview and Level Annotations

Branches:
Dungeon (4/15)
 Temple: D:4-7

Altars:

Shops:
D:3 *


Message History

The gnoll is almost dead.
The gnoll closely misses you.
The gnoll hits you from afar with a +0 spear.
You block the gnoll's attack. The gnoll closely misses you.
You barely miss the gnoll.
The gnoll is almost dead.
The gnoll hits you but does no damage. The gnoll hits you with a +0 club.
You hit the gnoll but do no damage.
The gnoll is almost dead.
The gnoll hits you but does no damage.
The gnoll hits you from afar with a +0 spear!
You closely miss the gnoll.
The gnoll is almost dead.
The gnoll barely misses you. The gnoll hits you but does no damage.
You barely miss the gnoll.
The gnoll is almost dead.
The gnoll barely misses you.
The gnoll hits you from afar with a +0 spear.
The gnoll hits you but does no damage.
The gnoll hits you from afar with a +0 spear.
You hit the gnoll.
You kill the gnoll!
The gnoll throws a throwing net.
The throwing net closely misses you.
You have reached level 5!
You slash the gnoll!
The gnoll is heavily wounded.
The gnoll barely misses you. x2
You slash the gnoll!
You kill the gnoll!
The gnoll hits you but does no damage. You block the gnoll's attack.
The endoplasm barely misses you.
You slash the endoplasm!
You kill the endoplasm!
The gnoll hits you from afar with a +0 spear.
You barely miss the goblin. The goblin misses you.
The gnoll hits you but does no damage.
You barely miss the goblin. The goblin hits you with a +0 dagger.
The gnoll hits you from afar with a +0 spear. x2
You die...

#.........
.....$..
....... .....
.... g.# #g#
#@## #..# ##(#
#.## #..# #.#.
##.# #.#.# #.#
...#
#.####..######
#...##.......#


You could see a gnoll and a goblin.

Vanquished Creatures
  3 adders (D:2)
  3 gnolls (D:4)
  A worm (D:3)
  A dart slug (D:2)
  6 orcs (D:3)
  7 bats
  8 endoplasms
  4 giant cockroaches
  8 hobgoblins
  3 quokkas
  5 ball pythons
  4 frilled lizards (D:2)
  5 goblins
  3 kobolds
  3 rats
64 creatures vanquished.

Notes
Turn   | Place    | Note
-------+----------+-------------------------------------------
     0 | D:1      | qw the Gargoyle Fighter began the quest for the Orb.
     0 | D:1      | Reached XP level 1. HP: 14/14 MP: 1/1
     0 | D:1      | 0 ||| qw: Version: 0.3-a-2-g5ab2908
     0 | D:1      | 0 ||| qw: Game counter: 265
     0 | D:1      | 0 ||| qw: Always use a shield: true
     0 | D:1      | 0 ||| qw: God list: Okawaru
     0 | D:1      | 0 ||| qw: Allow faded altars: false
     0 | D:1      | 0 ||| qw: Do Orc after D:15 true
     0 | D:1      | 0 ||| qw: Do second Lair branch before Depths: true
     0 | D:1      | 0 ||| qw: Lair rune preference: random
     0 | D:1      | 0 ||| qw: Plans: Normal, Zot:1-4, Slime:5, God:TSO, Crypt,
                  | Tomb, Abyss, Pan, Hells, Win
     0 | D:1      | 0 ||| PLANNING D:1-11
    38 | D:1      | You fall into a shaft and drop 1 floor!
    51 | D:2      | Reached skill level 2 in Axes
    57 | D:2      | 57 ||| Stepping ~*~*~tactically~*~*~ (stealth).
    58 | D:2      | 58 ||| Stepping ~*~*~tactically~*~*~ (stealth).
    74 | D:2      | 74 ||| READING 2 scrolls labelled PEJ JOSYNK.
    78 | D:2      | 78 ||| READING scroll labelled MONYIT WIGUUNG.
    79 | D:2      | 79 ||| Stepping randomly (stuck).
    80 | D:2      | 80 ||| Stepping randomly (stuck).
    81 | D:2      | 81 ||| Stepping randomly (stuck).
    82 | D:2      | 82 ||| Stepping randomly (stuck).
    83 | D:2      | 83 ||| Stepping randomly (stuck).
    84 | D:2      | 84 ||| Stepping randomly (stuck).
    85 | D:2      | 85 ||| Stepping randomly (stuck).
    86 | D:2      | 86 ||| Stepping randomly (stuck).
    87 | D:2      | 87 ||| Stepping randomly (stuck).
    88 | D:2      | 88 ||| Stepping randomly (stuck).
    89 | D:2      | 89 ||| Stepping randomly (stuck).
    90 | D:2      | 90 ||| Stepping randomly (stuck).
    91 | D:2      | 91 ||| Stepping randomly (stuck).
    92 | D:2      | 92 ||| Stepping randomly (stuck).
    93 | D:2      | 93 ||| Stepping randomly (stuck).
    94 | D:2      | 94 ||| Stepping randomly (stuck).
    95 | D:2      | 95 ||| Stepping randomly (stuck).
    96 | D:2      | 96 ||| Stepping randomly (stuck).
    97 | D:2      | 97 ||| Stepping randomly (stuck).
    98 | D:2      | 98 ||| Stepping randomly (stuck).
    99 | D:2      | 99 ||| Stepping randomly (stuck).
   100 | D:2      | 100 ||| Stepping randomly (stuck).
   101 | D:2      | 101 ||| Stepping randomly (stuck).
   102 | D:2      | 102 ||| Stepping randomly (stuck).
   103 | D:2      | 103 ||| Stepping randomly (stuck).
   104 | D:2      | 104 ||| Stepping randomly (stuck).
   105 | D:2      | 105 ||| Stepping randomly (stuck).
   106 | D:2      | 106 ||| Stepping randomly (stuck).
   107 | D:2      | 107 ||| Stepping randomly (stuck).
   108 | D:2      | 108 ||| Stepping randomly (stuck).
   109 | D:2      | 109 ||| Stepping randomly (stuck).
   110 | D:2      | 110 ||| Stepping randomly (stuck).
   111 | D:2      | 111 ||| Stepping randomly (stuck).
   112 | D:2      | 112 ||| Stepping randomly (stuck).
   113 | D:2      | 113 ||| Stepping randomly (stuck).
   114 | D:2      | 114 ||| Stepping randomly (stuck).
   115 | D:2      | 115 ||| Stepping randomly (stuck).
   116 | D:2      | 116 ||| Stepping randomly (stuck).
   117 | D:2      | 117 ||| Stepping randomly (stuck).
   118 | D:2      | 118 ||| Stepping randomly (stuck).
   119 | D:2      | 119 ||| Stepping randomly (stuck).
   120 | D:2      | 120 ||| Stepping randomly (stuck).
   121 | D:2      | 121 ||| Stepping randomly (stuck).
   122 | D:2      | 122 ||| Stepping randomly (stuck).
   123 | D:2      | 123 ||| Stepping randomly (stuck).
   124 | D:2      | 124 ||| Stepping randomly (stuck).
   125 | D:2      | 125 ||| Stepping randomly (stuck).
   126 | D:2      | 126 ||| Stepping randomly (stuck).
   127 | D:2      | 127 ||| Stepping randomly (stuck).
   128 | D:2      | 128 ||| Stepping randomly (stuck).
   129 | D:2      | 129 ||| Stepping randomly (stuck).
   130 | D:2      | 130 ||| READING scroll of teleportation.
   146 | D:2      | Reached XP level 2. HP: 17/19 MP: 2/2
   166 | D:2      | 166 ||| Stepping randomly (stuck).
   167 | D:2      | 167 ||| Stepping randomly (stuck).
   168 | D:2      | 168 ||| Stepping randomly (stuck).
   169 | D:2      | 169 ||| Stepping randomly (stuck).
   170 | D:2      | 170 ||| Stepping randomly (stuck).
   171 | D:2      | 171 ||| Stepping randomly (stuck).
   191 | D:2      | 191 ||| Stepping randomly (stuck).
   192 | D:2      | 192 ||| Stepping randomly (stuck).
   193 | D:2      | 193 ||| Stepping randomly (stuck).
   194 | D:2      | 194 ||| Stepping randomly (stuck).
   195 | D:2      | 195 ||| Stepping randomly (stuck).
   196 | D:2      | 196 ||| Stepping randomly (stuck).
   197 | D:2      | 197 ||| Stepping randomly (stuck).
   198 | D:2      | 198 ||| Stepping randomly (stuck).
   199 | D:2      | 199 ||| Stepping randomly (stuck).
   200 | D:2      | 200 ||| Stepping randomly (stuck).
   201 | D:2      | 201 ||| Stepping randomly (stuck).
   202 | D:2      | 202 ||| Stepping randomly (stuck).
   203 | D:2      | 203 ||| Stepping randomly (stuck).
   204 | D:2      | 204 ||| Stepping randomly (stuck).
   205 | D:2      | 205 ||| Stepping randomly (stuck).
   206 | D:2      | 206 ||| Stepping randomly (stuck).
   208 | D:2      | 208 ||| Stepping randomly (stuck).
   209 | D:2      | 209 ||| Stepping randomly (stuck).
   210 | D:2      | 210 ||| Stepping randomly (stuck).
   211 | D:2      | 211 ||| Stepping randomly (stuck).
   212 | D:2      | 212 ||| Stepping randomly (stuck).
   213 | D:2      | 213 ||| Stepping randomly (stuck).
   214 | D:2      | 214 ||| Stepping randomly (stuck).
   215 | D:2      | 215 ||| Stepping randomly (stuck).
   216 | D:2      | 216 ||| Stepping randomly (stuck).
   217 | D:2      | 217 ||| Stepping randomly (stuck).
   218 | D:2      | 218 ||| Stepping randomly (stuck).
   219 | D:2      | 219 ||| Stepping randomly (stuck).
   220 | D:2      | 220 ||| Stepping randomly (stuck).
   221 | D:2      | 221 ||| Stepping randomly (stuck).
   222 | D:2      | 222 ||| Stepping randomly (stuck).
   223 | D:2      | 223 ||| Stepping randomly (stuck).
   224 | D:2      | 224 ||| Stepping randomly (stuck).
   225 | D:2      | 225 ||| Stepping randomly (stuck).
   226 | D:2      | 226 ||| Stepping randomly (stuck).
   227 | D:2      | 227 ||| Stepping randomly (stuck).
   228 | D:2      | 228 ||| Stepping randomly (stuck).
   229 | D:2      | 229 ||| Stepping randomly (stuck).
   230 | D:2      | 230 ||| Stepping randomly (stuck).
   231 | D:2      | 231 ||| Stepping randomly (stuck).
   232 | D:2      | 232 ||| Stepping randomly (stuck).
   233 | D:2      | 233 ||| Stepping randomly (stuck).
   234 | D:2      | 234 ||| Stepping randomly (stuck).
   235 | D:2      | 235 ||| Stepping randomly (stuck).
   236 | D:2      | 236 ||| Stepping randomly (stuck).
   237 | D:2      | 237 ||| Stepping randomly (stuck).
   238 | D:2      | 238 ||| Stepping randomly (stuck).
   239 | D:2      | 239 ||| Stepping randomly (stuck).
   240 | D:2      | 240 ||| Stepping randomly (stuck).
   241 | D:2      | 241 ||| Stepping randomly (stuck).
   242 | D:2      | 242 ||| Stepping randomly (stuck).
   243 | D:2      | 243 ||| Stepping randomly (stuck).
   244 | D:2      | 244 ||| Stepping randomly (stuck).
   245 | D:2      | 245 ||| Stepping randomly (stuck).
   246 | D:2      | 246 ||| Stepping randomly (stuck).
   247 | D:2      | 247 ||| Stepping randomly (stuck).
   248 | D:2      | 248 ||| Stepping randomly (stuck).
   249 | D:2      | 249 ||| Stepping randomly (stuck).
   250 | D:2      | 250 ||| Stepping randomly (stuck).
   251 | D:2      | 251 ||| Stepping randomly (stuck).
   252 | D:2      | 252 ||| Stepping randomly (stuck).
   253 | D:2      | 253 ||| Stepping randomly (stuck).
   254 | D:2      | 254 ||| Stepping randomly (stuck).
   255 | D:2      | 255 ||| Stepping randomly (stuck).
   256 | D:2      | 256 ||| Stepping randomly (stuck).
   257 | D:2      | 257 ||| Stepping randomly (stuck).
   258 | D:2      | 258 ||| Stepping randomly (stuck).
   259 | D:2      | 259 ||| Stepping randomly (stuck).
   260 | D:2      | 260 ||| Stepping randomly (stuck).
   261 | D:2      | 261 ||| Stepping randomly (stuck).
   262 | D:2      | 262 ||| Stepping randomly (stuck).
   263 | D:2      | 263 ||| Stepping randomly (stuck).
   264 | D:2      | 264 ||| Stepping randomly (stuck).
   265 | D:2      | 265 ||| Stepping randomly (stuck).
   266 | D:2      | 266 ||| Stepping randomly (stuck).
   267 | D:2      | 267 ||| Stepping randomly (stuck).
   268 | D:2      | 268 ||| Stepping randomly (stuck).
   269 | D:2      | 269 ||| Stepping randomly (stuck).
   270 | D:2      | 270 ||| Stepping randomly (stuck).
   271 | D:2      | 271 ||| Stepping randomly (stuck).
   272 | D:2      | 272 ||| Stepping randomly (stuck).
   273 | D:2      | 273 ||| Stepping randomly (stuck).
   274 | D:2      | 274 ||| Stepping randomly (stuck).
   275 | D:2      | 275 ||| Stepping randomly (stuck).
   276 | D:2      | 276 ||| Stepping randomly (stuck).
   277 | D:2      | 277 ||| Stepping randomly (stuck).
   278 | D:2      | 278 ||| Stepping randomly (stuck).
   279 | D:2      | 279 ||| Stepping randomly (stuck).
   280 | D:2      | 280 ||| Stepping randomly (stuck).
   281 | D:2      | 281 ||| Stepping randomly (stuck).
   282 | D:2      | 282 ||| Stepping randomly (stuck).
   283 | D:2      | 283 ||| Stepping randomly (stuck).
   284 | D:2      | 284 ||| Stepping randomly (stuck).
   285 | D:2      | 285 ||| Stepping randomly (stuck).
   286 | D:2      | 286 ||| Stepping randomly (stuck).
   287 | D:2      | 287 ||| Stepping randomly (stuck).
   288 | D:2      | 288 ||| Stepping randomly (stuck).
   289 | D:2      | 289 ||| Stepping randomly (stuck).
   290 | D:2      | 290 ||| Stepping randomly (stuck).
   291 | D:2      | 291 ||| Stepping randomly (stuck).
   292 | D:2      | 292 ||| Stepping randomly (stuck).
   293 | D:2      | 293 ||| Stepping randomly (stuck).
   294 | D:2      | 294 ||| Stepping randomly (stuck).
   295 | D:2      | 295 ||| Stepping randomly (stuck).
   296 | D:2      | 296 ||| Stepping randomly (stuck).
   297 | D:2      | 297 ||| Stepping randomly (stuck).
   298 | D:2      | 298 ||| Stepping randomly (stuck).
   299 | D:2      | 299 ||| Stepping randomly (stuck).
   300 | D:2      | 300 ||| Stepping randomly (stuck).
   301 | D:2      | 301 ||| Stepping randomly (stuck).
   302 | D:2      | 302 ||| Stepping randomly (stuck).
   303 | D:2      | 303 ||| Stepping randomly (stuck).
   304 | D:2      | 304 ||| Stepping randomly (stuck).
   305 | D:2      | 305 ||| Stepping randomly (stuck).
   306 | D:2      | 306 ||| Stepping randomly (stuck).
   307 | D:2      | 307 ||| Stepping randomly (stuck).
   308 | D:2      | 308 ||| Stepping randomly (stuck).
   309 | D:2      | 309 ||| Stepping randomly (stuck).
   310 | D:2      | 310 ||| Stepping randomly (stuck).
   311 | D:2      | 311 ||| Stepping randomly (stuck).
   312 | D:2      | 312 ||| Stepping randomly (stuck).
   313 | D:2      | 313 ||| Stepping randomly (stuck).
   314 | D:2      | 314 ||| Stepping randomly (stuck).
   315 | D:2      | 315 ||| Stepping randomly (stuck).
   316 | D:2      | 316 ||| Stepping randomly (stuck).
   317 | D:2      | 317 ||| Stepping randomly (stuck).
   318 | D:2      | 318 ||| Stepping randomly (stuck).
   319 | D:2      | 319 ||| Stepping randomly (stuck).
   320 | D:2      | 320 ||| Stepping randomly (stuck).
   321 | D:2      | 321 ||| Stepping randomly (stuck).
   322 | D:2      | 322 ||| Stepping randomly (stuck).
   323 | D:2      | 323 ||| Stepping randomly (stuck).
   324 | D:2      | 324 ||| Stepping randomly (stuck).
   325 | D:2      | 325 ||| Stepping randomly (stuck).
   326 | D:2      | 326 ||| Stepping randomly (stuck).
   338 | D:2      | Reached skill level 3 in Axes
   338 | D:2      | Reached XP level 3. HP: 23/23 MP: 3/3
   338 | D:2      | 338 ||| Stepping randomly (stuck).
   339 | D:2      | 339 ||| Stepping randomly (stuck).
   340 | D:2      | 340 ||| Stepping randomly (stuck).
   341 | D:2      | 341 ||| Stepping randomly (stuck).
   342 | D:2      | 342 ||| Stepping randomly (stuck).
   343 | D:2      | 343 ||| Stepping randomly (stuck).
   344 | D:2      | 344 ||| Stepping randomly (stuck).
   345 | D:2      | 345 ||| Stepping randomly (stuck).
   346 | D:2      | 346 ||| Stepping randomly (stuck).
   347 | D:2      | 347 ||| Stepping randomly (stuck).
   348 | D:2      | 348 ||| Stepping randomly (stuck).
   349 | D:2      | 349 ||| Stepping randomly (stuck).
   350 | D:2      | 350 ||| Stepping randomly (stuck).
   351 | D:2      | 351 ||| Stepping randomly (stuck).
   352 | D:2      | 352 ||| Stepping randomly (stuck).
   353 | D:2      | 353 ||| Stepping randomly (stuck).
   354 | D:2      | 354 ||| Stepping randomly (stuck).
   355 | D:2      | 355 ||| Stepping randomly (stuck).
   356 | D:2      | 356 ||| Stepping randomly (stuck).
   357 | D:2      | 357 ||| Stepping randomly (stuck).
   358 | D:2      | 358 ||| Stepping randomly (stuck).
   359 | D:2      | 359 ||| Stepping randomly (stuck).
   360 | D:2      | 360 ||| Stepping randomly (stuck).
   361 | D:2      | 361 ||| Stepping randomly (stuck).
   362 | D:2      | 362 ||| Stepping randomly (stuck).
   363 | D:2      | 363 ||| Stepping randomly (stuck).
   364 | D:2      | 364 ||| Stepping randomly (stuck).
   365 | D:2      | 365 ||| Stepping randomly (stuck).
   366 | D:2      | 366 ||| Stepping randomly (stuck).
   367 | D:2      | 367 ||| Stepping randomly (stuck).
   368 | D:2      | 368 ||| Stepping randomly (stuck).
   369 | D:2      | 369 ||| Stepping randomly (stuck).
   370 | D:2      | 370 ||| Stepping randomly (stuck).
   371 | D:2      | 371 ||| Stepping randomly (stuck).
   372 | D:2      | 372 ||| Stepping randomly (stuck).
   373 | D:2      | 373 ||| Stepping randomly (stuck).
   374 | D:2      | 374 ||| Stepping randomly (stuck).
   375 | D:2      | 375 ||| Stepping randomly (stuck).
   376 | D:2      | 376 ||| Stepping randomly (stuck).
   377 | D:2      | 377 ||| Stepping randomly (stuck).
   378 | D:2      | 378 ||| Stepping randomly (stuck).
   379 | D:2      | 379 ||| Stepping randomly (stuck).
   380 | D:2      | 380 ||| Stepping randomly (stuck).
   381 | D:2      | 381 ||| Stepping randomly (stuck).
   382 | D:2      | 382 ||| Stepping randomly (stuck).
   383 | D:2      | 383 ||| Stepping randomly (stuck).
   384 | D:2      | 384 ||| Stepping randomly (stuck).
   385 | D:2      | 385 ||| Stepping randomly (stuck).
   386 | D:2      | 386 ||| Stepping randomly (stuck).
   387 | D:2      | 387 ||| Stepping randomly (stuck).
   388 | D:2      | 388 ||| Stepping randomly (stuck).
   389 | D:2      | 389 ||| Stepping randomly (stuck).
   390 | D:2      | 390 ||| Stepping randomly (stuck).
   391 | D:2      | 391 ||| Stepping randomly (stuck).
   392 | D:2      | 392 ||| Stepping randomly (stuck).
   393 | D:2      | 393 ||| Stepping randomly (stuck).
   394 | D:2      | 394 ||| Stepping randomly (stuck).
   395 | D:2      | 395 ||| Stepping randomly (stuck).
   396 | D:2      | 396 ||| Stepping randomly (stuck).
   397 | D:2      | 397 ||| Stepping randomly (stuck).
   398 | D:2      | 398 ||| Stepping randomly (stuck).
   399 | D:2      | 399 ||| Stepping randomly (stuck).
   400 | D:2      | 400 ||| Stepping randomly (stuck).
   401 | D:2      | 401 ||| Stepping randomly (stuck).
   402 | D:2      | 402 ||| Stepping randomly (stuck).
   403 | D:2      | 403 ||| Stepping randomly (stuck).
   404 | D:2      | 404 ||| Stepping randomly (stuck).
   405 | D:2      | 405 ||| Stepping randomly (stuck).
   819 | D:1      | 819 ||| Stepping ~*~*~tactically~*~*~ (stealth).
   864 | D:1      | 864 ||| UPGRADING to amulet of faith.
   869 | D:1      | 869 ||| UPGRADING to +6 ring of dexterity.
   870 | D:1      | 870 ||| READING scroll labelled OPNYRU ODYUR.
   888 | D:1      | 888 ||| READING scroll labelled KASECISKIE.
   939 | D:2      | Reached XP level 4. HP: 28/28 MP: 4/4
  1056 | D:2      | 1056 ||| Stepping ~*~*~tactically~*~*~ (stealth).
  1058 | D:2      | 1058 ||| Stepping ~*~*~tactically~*~*~ (stealth).
  1064 | D:2      | Reached skill level 1 in Dodging
  1106 | D:2      | Found a faded altar of an unknown god.
  1627 | D:2      | 1627 ||| READING scroll labelled PUSSAO FULAI.
  1628 | D:2      | 1628 ||| DRINKING 2 fuming amethyst potions.
  1715 | D:3      | 1715 ||| DROPPING +0 club.
  1747 | D:3      | 1747 ||| Stepping ~*~*~tactically~*~*~ (stealth).
  1759 | D:3      | 1759 ||| Stepping ~*~*~tactically~*~*~ (stealth).
  1760 | D:3      | 1760 ||| Stepping ~*~*~tactically~*~*~ (stealth).
  1762 | D:3      | 1762 ||| Stepping ~*~*~tactically~*~*~ (hiding).
  1774 | D:3      | 1774 ||| Stepping ~*~*~tactically~*~*~ (stealth).
  1792 | D:3      | 1792 ||| Stepping ~*~*~tactically~*~*~ (stealth).
  1794 | D:3      | 1794 ||| Stepping ~*~*~tactically~*~*~ (stealth).
  1801 | D:3      | Reached skill level 4 in Axes
  1884 | D:3      | Found Ewoskud's General Store.
  1892 | D:3      | 1892 ||| SHOPLISTING ring of protection from cold (325
                  | gold, have 234).
  1892 | D:3      | 1892 ||| BUYING scroll of identify (26 gold).
  1892 | D:3      | Bought a scroll of identify for 26 gold pieces
  1907 | D:3      | 1907 ||| Stepping ~*~*~tactically~*~*~ (stealth).
  2270 | D:3      | 2270 ||| READING scroll labelled ASCHYU FYNWIT.
  2271 | D:3      | 2271 ||| READING 3 scrolls of identify.
  2271 | D:3      | 2271 ||| IDENTIFYING fuming grey potion
  2272 | D:3      | 2272 ||| READING 2 scrolls of identify.
  2272 | D:3      | 2272 ||| IDENTIFYING sedimented blue potion
  2309 | D:4      | 2309 ||| Stepping ~*~*~tactically~*~*~ (stealth).
  2322 | D:4      | HP: 6/28 [gnoll/+0 spear (2)]
  2323 | D:4      | 2323 ||| DRINKING potion of heal wounds.
  2330 | D:4      | HP: 7/28 [gnoll/+0 spear (1)]
  2332 | D:4      | Reached XP level 5. HP: 8/32 MP: 5/5
  2334 | D:4      | HP: 3/32 [gnoll/+0 spear (6)]
  2336 | D:4      | HP: 1/32 [gnoll/+0 spear (2)]
  2336 | D:4      | Slain by a gnoll

Levels and vault maps discovered:
D:1:      psy_arrival_terrarium, layout_rooms, minmay_small_reverse_x
D:2:      layout_basic, basic_ecumenical_altar
D:3:      layout_loops_ring, serial_shops, shop
D:4:      layout_rooms, slow_altar_2, serial_shops, nicolae_shop_waterfront,
          dk_noncrumbling_2

Skill      XL: |  1  2  3  4 |
---------------+-------------+-----
Axes           | 2 3 4 |  4.5
Dodging        | 1 |  1.0
Fighting       | |  3.2
Armour         | |  3.2
Shields        | |  3.2

Action                     |  1- 3 |  4- 6 || total
---------------------------+-------+-------++-------
  Melee: War axe           |   104 |   128 ||   232
    Use: Scroll            |     5 |     4 ||     9
         Potion            |       |     2 ||     2
 Armour: Scale mail        |    58 |    55 ||   113
  Dodge: Dodged            |    57 |    44 ||   101
  Block: Buckler           |    19 |    33 ||    52

Table legend:
 A = Non-vault XP
 B = Vault XP
 C = Vault XP percentage of total XP
 D = Non-vault monster count
 E = Vault monster count
 F = Vault count percentage of total count
                 A         B        C        D         E       F
            +---------+---------+-------+---------+---------+-------
      Total |     186 |       8 |   4.1 |      60 |       4 |   6.2
            +---------+---------+-------+---------+---------+-------
        D:1 |      20 |       8 |  28.6 |      12 |       4 |  25.0
        D:2 |      74 |       0 |   0.0 |      23 |       0 |   0.0
        D:3 |      45 |       0 |   0.0 |      20 |       0 |   0.0
        D:4 |      47 |       0 |   0.0 |       5 |       0 |   0.0
            +---------+---------+-------+---------+---------+-------
